 Dungeon Crawl Stone Soup version 0.31-a0-810-ga77100ea1a (webtiles) character file.

Game seed: 4358034039752013520

4375 Dittersdorf the Fighter (level 10, 76/76 HPs)
             Began as a Gargoyle Fighter on Sept 21, 2023.
             Was an Initiate of Gozag.
             Quit the game on level 7 of the Dungeon.
             The game lasted 00:10:15 (7104 turns).

Dittersdorf the Fighter (Gargoyle Fighter)          Turns: 7104, Time: 00:10:15

Health: 76/76      AC: 19    Str: 23    XL:     10   Next: 34%
Magic:  10/10      EV: 10    Int: 10    God:    Gozag
Gold:   2176       SH:  0    Dex:  9    Spells: 9/9 levels left

rFire   . . .        m - +0 whip (elec)
rCold   + . .        c - +0 buckler
rNeg    + . .        r - +1 ring mail "Pianuxed" {rPois rC+ rCorr}
rPois   ∞            o - +2 hat
rElec   +            b - +1 cloak
rCorr   +            (no gloves)
SInv    .            (no boots)
Will    .....        (no amulet) Stlth
                     (no ring)
HPRegen 0.32/turn    (no ring)
MPRegen 0.12/turn

%: no passive effects
@: confused
A: sickness immunity, AC +7, negative energy resistance 1, electricity
resistance, torment resistance 1, petrification resistance
a: Renounce Religion, Potion Petition, Call Merchant, Bribe Branch


You were on level 7 of the Dungeon.
You worshipped Gozag.
Gozag was most pleased with you.
You visited 1 branch of the dungeon, and saw 8 of its levels.

You collected 2255 gold pieces.
You paid 79 gold pieces to Gozag.

Inventory:

Hand Weapons
 m - a +0 whip of electrocution (weapon)
 z - a +0 morningstar
Missiles
 l - a curare-tipped dart (quivered)
Armour
 b - a +1 cloak (worn)
 c - a +0 buckler (worn)
 f - a +0 helmet
 o - a +2 hat (worn)
 r - the +1 ring mail "Pianuxed" (worn) {rPois rC+ rCorr}
   (You found it on level 7 of the Dungeon)

   rC+:       It protects you from cold.
   rPois:     It protects you from poison rCorr: It protects you from acid and
   corrosion.
Magical Staves
 y - a staff of earth
Jewellery
 t - a ring of resist corrosion
Scrolls
 a - a scroll of blinking {unknown}
 g - 4 scrolls of fear {unknown}
 i - 2 scrolls of enchant armour {unknown}
 j - a scroll of teleportation
 k - a scroll of enchant weapon {unknown}
 p - a scroll of immolation {unknown}
Potions
 d - a potion of might
 e - a potion of haste
 h - a potion of brilliance
 n - 5 potions of curing {unknown}
 q - 4 potions of enlightenment {unknown}
 s - 4 potions of degeneration {unknown}
 w - 2 potions of resistance
 A - a potion of ambrosia


   Skills:
 + Level 14.7 Fighting
 + Level 6.2 Maces & Flails
 + Level 7.3 Armour
 + Level 7.3 Shields


You had 9 spell levels left.
You didn't know any spells.
Your spell library contained the following spells:

 Spells                   Type           Power      Damage    Failure   Level
 Apportation              Tloc           0%         N/A       54%         1
 Freeze                   Ice            0%         1d3       54%         1
 Magic Dart               Conj           0%         1d3       54%         1
 Sandblast                Erth           0%         2d4       54%         1
 Blink                    Tloc           0%         N/A       69%         2
 Call Imp                 Summ           0%         N/A       69%         2
 Lesser Beckoning         Tloc           0%         N/A       69%         2
 Passwall                 Tmut/Erth      0%         N/A       69%         2
 Frozen Ramparts          Ice            0%         1d1       89%         3
 Gell's Gravitas          Tloc           0%         N/A       89%         3
 Hailstorm                Conj/Ice       0%         3d3       89%         3
 Ignite Poison            Fire/Tmut/Pois 0%         N/A       89%         3
 Mephitic Cloud           Conj/Pois/Air  0%         N/A       89%         3
 Stone Arrow              Conj/Erth      0%         3d7       89%         3
 Teleport Other           Tloc           0%         N/A       89%         3
 Brom's Barrelling Bould  Conj/Erth      0%         2d3       100%        4
 Manifold Assault         Tloc           0%         N/A       100%        4
 Olgreb's Toxic Radiance  Pois           0%         N/A       100%        4
 Freezing Cloud           Conj/Ice/Air   0%         6-21      100%        5
 Discord                  Hex            0%         N/A       100%        8
 Ignition                 Fire           0%         3d3       100%        8
 Cigotuvi's Dreadful Rot  Necr/Pois/Air  Unusable   N/A       N/A         2

Dungeon Overview and Level Annotations

Branches:
Dungeon (8/15)             Temple (0/1) D:6
   Lair: D:8-11

Altars:
Gozag
Qazlal
Ru
Trog
Xom
Yredelemnul
The Shining One


Innate Abilities, Weirdness & Mutations

You are immune to sickness and miasma.
Your stone body is resilient. (AC +7)
You are immune to poison.
You resist negative energy. (rN+)
You are resistant to electric shocks. (rElec)
You are resistant to unholy torment.
You are immune to petrification.


Message History

Found a stone staircase leading up.
Found an escape hatch in the ceiling.
Found an escape hatch in the floor.
Found a stone staircase leading down.
There is an escape hatch in the ceiling here.
A mysterious force pulls you upwards. The hatch slams shut behind you.
What level of the Dungeon? (default 7, ? - help)
There is a stone staircase leading down here.
You climb downwards.
There is a stone staircase leading up here.
Things that are here:
a +0 falchion; a +0 chain mail; a +0 mace
t - a ring of resist corrosion
g - 4 scrolls labelled SOYLASTR WISU (gained 1)
There is a stone staircase leading down here.
Found an orcbow.
Found a club.
You now have 2176 gold pieces (gained 21).
s - 4 fuming cyan potions (gained 1)
You see here a +0 ring mail.
Key pressed, stopping explore.
Found a sacrificial altar of Ru.
Done exploring.
Done exploring.
Done exploring.
Done exploring.
What level of the Dungeon? (default 7, ? - help)
There is a stone staircase leading down here.
You climb downwards.
The orc shouts!
The orc wizard shouts!
The orc shouts!
The orc priest shouts!
The orc shouts!
You hear a loud, deep croak!
You hear a shout!
There is a stone staircase leading up here.
There are monsters nearby!
The orc wizard gestures at you while chanting.
You are confused.
In your confused state, you trip and fall back down the stairs.
The orc wizard gestures at you while chanting.
The magic dart hits you but does no damage.
You climb upwards.
There is a stone staircase leading down here.
Are you sure you want to abandon this character and quit the game? (Confirm with "yes".)

#..# #............. #.##
##............. ###.#
#.............. #.#.#
#.............. ##..#
##.............. ##.##
##..#............
##.#####................
#..##..................
##....@................
##.....................
#.##..>..<.............
#####.##...................
#....###...................
####.##....................
##.#....................
#.#....................
##.....................


There were no monsters in sight!

Vanquished Creatures
  Sigmund (D:2)
  2 steam dragons
  A water moccasin (D:7)
  A sky beast (D:7)
  2 black bears
  3 centaurs
  2 ogres (D:6)
  2 phantoms (D:5)
  A kobold brigand (D:7)
  4 bullfrogs
  7 scorpions
  A howler monkey (D:5)
  3 sleepcaps
  A jelly (D:5)
  A gnoll bouda (D:6)
  4 orc priests
  3 hounds
  4 iguanas
  Jessica (D:3)
  8 orc wizards
  8 gnolls
  8 adders
  A white imp (D:7)
  An ufetubus (D:5)
  2 worms
  4 dart slugs
  20 orcs
  2 ball pythons
  3 endoplasms
  3 giant cockroaches
  9 hobgoblins
  2 jackals (D:1)
  3 quokkas
  6 bats
  2 frilled lizards (D:1)
  3 goblins
  6 kobolds
  8 rats
143 creatures vanquished.

Vanquished Creatures (others)
  An orc warrior (D:5)
  An orc priest (D:6)
  3 orcs
5 creatures vanquished.

Grand Total: 148 creatures vanquished

Notes
Turn   | Place    | Note
-------+----------+-------------------------------------------
     0 | D:1      | Dittersdorf the Gargoyle Fighter began the quest for the
                  | Orb.
     0 | D:1      | Reached XP level 1. HP: 14/14 MP: 1/1
    73 | D:1      | Found a faded altar of an unknown god.
   172 | D:1      | Reached XP level 2. HP: 19/19 MP: 2/2
   483 | D:1      | Reached XP level 3. HP: 20/23 MP: 3/3
   804 | D:2      | Noticed Sigmund
   808 | D:2      | Killed Sigmund
   809 | D:2      | Reached skill level 4 in Fighting
   809 | D:2      | Reached XP level 4. HP: 22/30 MP: 4/4
   809 | D:2      | Reached XP level 5. HP: 25/34 MP: 5/5
  1442 | D:3      | Reached XP level 6. HP: 39/39 MP: 6/6
  1448 | D:3      | Found a stormy altar of Qazlal.
  1474 | D:3      | Found an opulent altar of Gozag.
  1506 | D:3      | Became a worshipper of Gozag Ym Sagoz the Greedy
  1704 | D:3      | Noticed Jessica
  1709 | D:3      | Killed Jessica
  2226 | D:4      | Reached skill level 5 in Fighting
  2359 | D:4      | Reached skill level 5 in Shields
  2461 | D:4      | Reached skill level 5 in Armour
  2461 | D:4      | Reached XP level 7. HP: 43/44 MP: 7/7
  2496 | D:4      | Found a bloodstained altar of Trog.
  2502 | D:4      | Got a parchment book
  2677 | D:5      | Entered Level 5 of the Dungeon
  2913 | D:5      | Reached XP level 8. HP: 38/51 MP: 8/8
  3031 | D:5      | Reached skill level 6 in Fighting
  3042 | D:5      | Reached skill level 5 in Maces & Flails
  3534 | D:6      | Reached skill level 14 in Fighting
  3534 | D:6      | Reached XP level 9. HP: 70/70 MP: 9/9
  3789 | D:6      | Identified a scroll of acquirement
  3789 | D:6      | Acquired 1021 gold pieces
  4741 | D:6      | Reached XP level 10. HP: 69/76 MP: 10/10
  4986 | D:6      | Found a staircase to the Ecumenical Temple.
  5244 | D:6      | Found a shimmering altar of Xom.
  5751 | D:7      | Found a basalt altar of Yredelemnul.
  6176 | D:7      | Found a glowing golden altar of the Shining One.
  6183 | D:7      | Identified the +1 ring mail "Pianuxed" {rPois rC+ rCorr}
  7000 | D:7      | Found a sacrificial altar of Ru.
  7104 | D:7      | Quit the game

Illustrated notes

Levels and vault maps discovered:
D:1:      psy_arrival_dodecagon, layout_loops_ring,
          shapermc_ecumenical_altar_ellora, st_stairs_1
D:2:      layout_basic, uniq_sigmund
D:3:      layout_basic, mainiacjoe_overflow_catch_the_wave, uniq_jessica
D:4:      layout_basic, trog_book
D:5:      layout_cave_pools
D:6:      layout_basic, lemuel_coloured_pillars_altar, temple_fountains,
          grunt_ministairs_15, minmay_circle_x
D:7:      layout_layer_cave, yredelemnul_altar_generic,
          nicolae_ru_the_path_less_chosen, nicolae_tso_carved_into_rock,
          nicolae_figureground_pulse
D:8:      black_bear_nest_1, layout_rooms, serial_shops, nicolae_shop_crystal

Skill      XL: |  1  2  3  4  5  6  7  8  9 10 |
---------------+-------------------------------+-----
Fighting       | 4 5 14 | 14.7
Maces & Flails | 3 4 5 6 |  6.2
Armour         | 4 5 6 7 |  7.3
Shields        | 4 5 6 7 |  7.3

Action                     |  1- 3 |  4- 6 |  7- 9 | 10-12 || total
---------------------------+-------+-------+-------+-------++-------
  Melee: Flail             |    80 |       |       |       ||    80
         Whip              |    16 |   126 |   270 |   221 ||   633
    Use: Scroll            |       |       |    11 |     1 ||    12
         Potion            |       |       |     1 |       ||     1
 Armour: Scale mail        |    65 |     1 |       |       ||    66
         Chain mail        |       |    62 |   227 |   181 ||   470
         Ring mail         |       |       |       |    42 ||    42
  Dodge: Dodged            |    51 |    50 |   113 |   107 ||   321
  Block: Buckler           |    19 |    19 |    52 |    51 ||   141

Table legend: (Time is in decaauts)
 A = Elapsed time spent in this place.
 B = Non-inter-level travel time spent in this place.
 C = Inter-level travel time spent in this place.
 D = Time resting spent in this place.
 E = Time spent auto-exploring this place.
 F = Levels seen in this place.
 G = Mean time per level.
                   A        B        C        D        E       F      G
               +--------+--------+--------+--------+--------+-----+--------+
         Total |   7058 |   6712 |    346 |    812 |   4567 |   8 |  882.2 |
       Dungeon |   7058 |   6712 |    346 |    812 |   4567 |   8 |  882.2 |
               +--------+--------+--------+--------+--------+-----+--------+

Top non-repeatable levels by time:
     D:6: 1655 daAuts
     D:7: 1550 daAuts
     D:5: 1029 daAuts
     D:3: 771 daAuts
     D:1: 749 daAuts
     D:2: 677 daAuts
     D:4: 620 daAuts
     D:8: 3 daAuts
